 Dungeon Crawl Stone Soup version 0.20.1-1-g8b1a95d (webtiles) character file.

107 galech the Ruffian (level 4, 0/44 HPs)
             Began as a Troll Monk on Sept 13, 2017.
             Slain by galech's ghost (10 damage)
             ... on level 3 of the Dungeon.
             The game lasted 00:01:48 (1423 turns).

galech the Ruffian (Troll Monk)                     Turns: 1423, Time: 00:01:49

Health: 0/44       AC:  5    Str: 20    XL:     4   Next: 56%
Magic:  3/3        EV: 11    Int:  6    God:
Gold:   67         SH:  0    Dex: 12    Spells: 3/3 levels left

rFire    . . .     SeeInvis .     - Unarmed
rCold    . . .     Gourm    +   (no shield)
rNeg     . . .     Faith    .   a - +0 robe
rPois    .         Spirit   .   (helmet restricted)
rElec    .         Reflect  .   (no cloak)
rCorr    .         Harm     .   (gloves unavailable)
MR       .....                  (boots unavailable)
Stlth    ++........             (no amulet)
Regen    0.6/turn               (no ring)
MPRegen  0.1/turn               (no ring)

@: no status effects
A: unfitting armour, claws 3, fast metabolism 3, gourmand, regeneration 1,
shaggy fur 1, tough skin 2
a: no special abilities


You were on level 3 of the Dungeon.
You were very full.

You visited 1 branch of the dungeon, and saw 3 of its levels.

You collected 67 gold pieces.

Inventory:

Armour
 a - a +0 robe (worn)
Jewellery
 k - an uncursed ring of fire {unknown}
Scrolls
 d - a scroll of remove curse {unknown}
 h - 4 scrolls of immolation {unknown}
 j - 2 scrolls of identify {unknown}
 l - a scroll of recharging {unknown}
 m - a scroll of enchant weapon {unknown}
Potions
 c - a potion of heal wounds {unknown}
 e - a potion of agility {unknown}
 f - 2 potions of berserk rage {unknown}
 i - 3 potions of curing {unknown}
Comestibles
 b - 3 bread rations
 g - a royal jelly


   Skills:
 + Level 2.9 Fighting
 + Level 3.0 Dodging
 + Level 1.0 Stealth
 + Level 4.4 Unarmed Combat


You had 3 spell levels left.
You didn't know any spells.

Dungeon Overview and Level Annotations

Branches:
Dungeon (3/15)

Altars:

Annotations:
D:3 galech's ghost, amateur TrMo


Innate Abilities, Weirdness & Mutations

You are too large for most types of armour.
You have claws for hands.
Your metabolism is lightning-fast.
You like to eat raw meat.
Your natural rate of healing is unusually fast.
You are covered in fur. (AC +1)
You have very tough skin. (AC +2)


Message History

Galech's ghost hits you but does no damage.
You scratch galech's ghost but do no damage.
Galech's ghost is lightly damaged.
You barely miss galech's ghost.
Galech's ghost is lightly damaged.
Galech's ghost misses you.
You scratch galech's ghost but do no damage.
Galech's ghost is lightly damaged.
Galech's ghost hits you.
You barely miss galech's ghost.
Galech's ghost is lightly damaged.
Galech's ghost barely misses you.
You claw galech's ghost!
Galech's ghost is heavily damaged.
Galech's ghost hits you!
* * * LOW HITPOINT WARNING * * *
Galech's ghost barely misses you.
There is a stone staircase leading up here.
Galech's ghost hits you!
You die...

..................#
..................#.
?...................
.................<..
.......#.....^.....#
.....#............#
..................#
..####...)........#
#.$.W@.(.....#
##..........##
#............##
..###.........#
#.#.##...##
>....###.... ....###
##... ...#. #.#.
#... ..


You could see galech's ghost.

Vanquished Creatures
  A hound (D:3)
  3 adders (D:2)
  An ooze (D:3)
  2 worms (D:2)
  A leopard gecko (D:2)
  An orc (D:3)
  A giant cockroach (D:2)
  4 goblins
  8 hobgoblins
  5 jackals (D:2)
  3 bats
  5 frilled lizards
  A kobold (D:2)
  5 rats
41 creatures vanquished.

Notes
Turn   | Place    | Note
-------+----------+-------------------------------------------
     0 | D:1      | galech the Troll Monk began the quest for the Orb.
     0 | D:1      | Reached XP level 1. HP: 22/22 MP: 0/0
   470 | D:1      | Reached XP level 2. HP: 29/29 MP: 1/1
   756 | D:2      | Reached XP level 3. HP: 36/36 MP: 2/2
  1007 | D:2      | Reached skill level 4 in Unarmed Combat
  1358 | D:3      | Reached XP level 4. HP: 33/44 MP: 3/3
  1406 | D:3      | Noticed galech's ghost (amateur TrMo)
  1423 | D:3      | Slain by galech's ghost

Skill      XL: |  1  2  3  4 |
---------------+-------------+-----
Unarmed Combat | 4 |  4.4
Dodging        | 3 |  3.0
Fighting       | |  2.9
Stealth        | |  1.0

Action                   |  1- 3 |  4- 6 || total
-------------------------+-------+-------++-------
Melee: Unarmed           |   100 |    23 ||   123
       Punch             |     1 |       ||     1
 Stab: Sleeping          |     3 |       ||     3
  Eat: Chunk             |    16 |     1 ||    17
Armor: Robe              |    30 |    15 ||    45
Dodge: Dodged            |    40 |    16 ||    56
